Map: Proxima Station LE

Players

Theo - Winner!

  • Race: Protoss Protoss
  • Spawn Location: 7:00

Civi

  • Race: Zerg Zerg
  • Spawn Location: 1:00

Event: WCS Jonkoping 2017

VOD

Have the link to the VOD?

Description

Time

  • Played on: June 17, 2017, 8:17 a.m.
  • Length: 15:48

All games in this series

Show
View Real Time Build Order
Export as new Build Order

Theo Protoss - Winner!

Build Orders: Nexus First 

Get SALT Encoding   

  12  0:00  Probe (Chrono Boost)  
  13  0:11  Probe (Chrono Boost)  
  14  0:17  Pylon  
  14  0:22  Probe (Chrono Boost)  
  15  0:36  Probe (Chrono Boost)  
  16  0:46  Probe (Chrono Boost)  
  18  0:57  Probe (Chrono Boost)  
  18  1:02  Nexus  
  18  1:07  Probe (Chrono Boost)  
  19  1:15  Gateway  
  19  1:18  Probe (Chrono Boost)  
  20  1:25  Assimilator  
  20  1:28  Probe (Chrono Boost)  
  21  1:33  Assimilator  
  21  1:39  Probe (Chrono Boost)  
  22  1:46  Pylon  
  22  1:49  Probe (Chrono Boost)  
  23  2:03  Cybernetics Core  
  23  2:04  Probe (Chrono Boost)  
  26  2:12  Zealot  
  26  2:14  Probe x2 (Chrono Boost)  
  28  2:24  Probe (Chrono Boost)  
  28  2:25  Probe (Chrono Boost)  
  30  2:31  Pylon  
  30  2:35  Probe (Chrono Boost)  
  30  2:36  Probe (Chrono Boost)  
  32  2:39  Robotics Facility  
  32  2:42  Stalker (Chrono Boost)  
  32  2:47  Warp Gate (Chrono Boost)  
  32  2:49  Probe  
  35  2:52  Probe  
  36  3:02  Mothership Core (Chrono Boost)  
  36  3:04  Probe (Chrono Boost)  
  39  3:15  Probe (Chrono Boost)  
  39  3:19  Assimilator  
  40  3:21  Probe (Chrono Boost)  
  40  3:26  Probe (Chrono Boost)  
  42  3:30  Pylon  
  42  3:31  Probe (Chrono Boost), Robotics Bay  
  43  3:35  Probe (Chrono Boost)  
  43  3:38  Gateway  
  44  3:41  Gateway  
  44  3:43  Probe  
  44  3:45  Probe, Assimilator  
  46  3:52  Warp Prism (Chrono Boost)  
  46  3:55  Probe  
  49  3:57  Probe  
  50  4:07  Probe  
  50  4:08  Probe  
  52  4:11  Twilight Council  
  52  4:15  Pylon  
  52  4:20  Gravitic Drive  
  52  4:23  Disruptor (Chrono Boost)  
  55  4:38  Gateway  
  55  4:40  Gateway  
  55  4:44  Pylon  
  55  4:50  Stalker x2  
  55  4:51  Stalker  
  59  4:55  Disruptor  
  57  5:01  Probe  
  57  5:02  Mothership Core  
  55  5:12  Stalker  
  55  5:13  Stalker  
  50  5:28  Probe  
  41  5:45  Stalker  
  41  5:47  Probe  
  41  5:48  Probe  
  44  5:57  Stalker x2  
  44  6:00  Probe  
  44  6:03  Probe  
  49  6:11  Stalker  
  49  6:12  Probe  
  48  6:24  Mothership Core  
  49  6:27  Stalker  
  50  6:35  Stalker  
  48  6:52  Probe x2 (Chrono Boost)  
  50  7:03  Sentry x2  
  50  7:04  Probe (Chrono Boost)  
  55  7:12  Probe (Chrono Boost)  
  55  7:15  Probe (Chrono Boost)  
  57  7:19  Pylon  
  57  7:23  Probe (Chrono Boost)  
  57  7:25  Sentry  
  57  7:26  Pylon  
  57  7:28  Probe (Chrono Boost)  
  61  7:33  Probe (Chrono Boost)  
  60  7:39  Probe (Chrono Boost)  
  60  7:41  Sentry x2  
  66  7:44  Probe (Chrono Boost)  
  66  7:49  Probe (Chrono Boost)  
  63  8:00  Stalker x2  
  63  8:01  Stalker  
  55  8:05  Stalker x4  
  57  8:13  Stalker x3  
  63  8:22  Warp Prism (Chrono Boost)  
  65  8:28  Probe  
  65  8:30  Probe  
  67  8:42  Probe  
  63  8:54  Stalker, Disruptor (Chrono Boost)  
  63  8:55  Stalker x2  
  63  8:58  Probe  
  63  8:59  Probe  
  61  9:12  Sentry x2  
  61  9:14  Probe x2  
  67  9:18  Sentry x3  
  73  9:26  Probe  
  74  9:34  Stalker x2  
  78  9:41  Pylon, Nexus  
  78  9:43  Gateway  
  78  9:45  Pylon  
  78  9:58  Pylon  
  78  9:59  Probe x2, Disruptor (Chrono Boost)  
  83  10:11  Probe  
  83  10:14  Blink (Chrono Boost)  
  72  10:16  Probe  
  71  10:22  Stalker  
  71  10:23  Pylon, Probe  
  71  10:28  Probe  
  75  10:33  Pylon  
  75  10:35  Gateway  
  75  10:36  Disruptor (Chrono Boost)  
  75  10:37  Gateway  
  75  10:39  Pylon  
  78  10:55  Probe x3 (Chrono Boost)  
  81  11:00  Assimilator  
  81  11:03  Assimilator  
  81  11:04  Mothership Core  
  81  11:06  Probe  
  81  11:07  Disruptor  
  81  11:09  Probe  
  85  11:11  Sentry  
  85  11:15  Stalker  
  92  11:18  Probe  
  92  11:21  Probe  
  92  11:24  Probe  
  95  11:30  Probe  
  95  11:32  Stalker x4  
  104  11:33  Probe  
  104  11:34  Probe  
  106  11:41  Disruptor  
  106  11:44  Probe  
  110  11:51  Forge  
  110  11:57  Stalker x3  
  116  12:05  Charge (Chrono Boost)  
  116  12:22  Stalker  
  116  12:23  Stalker x6  
  117  12:32  Protoss Ground Weapons Level 1 (Chrono Boost)  
  107  12:37  Observer (Chrono Boost)  
  107  12:44  Probe  
  105  12:45  Probe x2  
  108  12:59  Disruptor (Chrono Boost), Nexus  
  108  13:03  Pylon, Stalker x4  
  119  13:05  Pylon  
  119  13:08  Probe x2  
  121  13:14  Stalker x3  
  127  13:22  Stalker  
  129  13:30  Disruptor (Chrono Boost)  
  132  13:34  Probe x2  
  132  13:36  Photon Cannon  
  134  13:51  Pylon  
  134  13:52  Probe x2  
  134  13:55  Templar Archives  
  134  14:01  Warp Prism (Chrono Boost)  
  136  14:16  Photon Cannon  
  136  14:19  Photon Cannon  
  136  14:23  Photon Cannon  
  136  14:25  Photon Cannon  
  136  14:30  Zealot x4  
  144  14:32  Disruptor (Chrono Boost), High Templar x2  
  144  14:33  High Templar x2  
  144  14:34  Assimilator  
  154  14:39  Archon x2  
  154  14:40  Assimilator  
  152  14:46  Probe  
  152  14:47  Probe x2  
  155  14:55  Zealot, Probe  
  155  14:56  Zealot x2  
  159  15:03  Disruptor (Chrono Boost)  
  162  15:08  Zealot x2  
  162  15:09  Zealot x3  
Show
View Real Time Build Order
Export as new Build Order

Civi Zerg 

Build Orders: Hatch First, Roach Nydus 

Get SALT Encoding   

  12  0:00  Drone  
  13  0:13  Overlord  
  13  0:17  Drone  
  14  0:31  Drone x2  
  14  0:35  Drone  
  17  0:52  Hatchery  
  17  0:56  Drone  
  17  0:59  Drone  
  18  1:12  Spawning Pool  
  18  1:17  Drone  
  18  1:21  Drone  
  19  1:26  Extractor  
  19  1:29  Drone  
  19  1:39  Overlord  
  19  1:54  Drone  
  19  2:01  Queen, Zergling x2  
  21  2:04  Queen  
  21  2:05  Zergling x2  
  26  2:11  Drone  
  26  2:15  Drone  
  28  2:24  Drone  
  28  2:27  Drone  
  30  2:32  Drone  
  30  2:36  Queen  
  31  2:43  Lair  
  31  2:44  Overlord  
  33  2:45  Drone  
  33  2:48  Drone  
  35  2:52  Extractor  
  35  2:56  Drone  
  35  2:58  Drone  
  36  3:06  Drone  
  36  3:07  Roach Warren  
  36  3:13  Drone x2  
  36  3:17  Drone x3  
  36  3:18  Drone  
  42  3:21  Overlord  
  42  3:24  Drone  
  42  3:26  Drone  
  44  3:39  Queen  
  44  3:41  Queen  
  48  3:47  Nydus Network  
  47  3:48  Roach  
  47  3:51  Roach  
  51  3:58  Overlord  
  51  3:59  Drone  
  51  4:01  Overlord  
  52  4:16  Queen x2  
  56  4:27  Nydus Canal  
  56  4:30  Roach x5  
  66  4:32  Roach  
  66  4:37  Spore Crawler  
  67  4:38  Overseer  
  61  5:00  Roach x3  
  63  5:09  Roach x2  
  66  5:14  Queen  
  66  5:15  Queen  
  57  5:32  Ravager  
  49  5:45  Extractor, Roach x2  
  49  5:46  Extractor, Roach x4  
  57  5:50  Queen  
  57  5:51  Queen  
  57  5:55  Ravager  
  57  5:56  Hatchery  
  61  5:57  Roach x2  
  60  6:11  Glial Reconstitution  
  55  6:20  Roach  
  55  6:21  Roach x2  
  55  6:25  Queen  
  55  6:26  Queen  
  55  6:32  Roach  
  57  6:45  Drone x3  
  57  6:46  Drone x3  
  57  7:09  Drone x3  
  57  7:10  Drone x4  
  64  7:16  Roach  
  64  7:22  Roach x2  
  70  7:24  Roach  
  72  7:32  Overlord  
  72  7:33  Roach  
  74  7:40  Overlord x4  
  74  7:44  Overlord  
  74  7:46  Evolution Chamber  
  74  7:50  Queen x3  
  79  7:55  Roach  
  77  8:04  Roach x6  
  77  8:05  Roach  
  69  8:14  Roach x3  
  69  8:15  Roach  
  69  8:18  Roach  
  73  8:21  Zergling x2  
  73  8:24  Roach  
  76  8:32  Overseer  
  76  8:33  Roach x2  
  70  8:45  Drone  
  63  8:51  Drone  
  63  8:52  Drone x6  
  63  8:53  Roach  
  63  9:03  Roach x4  
  63  9:07  Roach  
  63  9:09  Roach  
  75  9:11  Ravager  
  75  9:12  Ravager  
  75  9:13  Roach  
  79  9:19  Roach x2  
  79  9:23  Zerg Missile Weapons Level 1  
  83  9:30  Roach x3  
  89  9:35  Roach  
  89  9:36  Roach  
  89  9:37  Roach  
  92  9:39  Ravager  
  92  9:41  Roach  
  92  9:43  Roach  
  97  9:49  Roach x3  
  97  9:50  Roach  
  97  9:52  Roach  
  107  9:55  Overseer  
  107  9:59  Queen  
  86  10:15  Roach x6  
  86  10:20  Roach x3  
  100  10:26  Queen  
  100  10:27  Roach  
  104  10:33  Drone x4  
  108  10:35  Extractor  
  108  10:37  Extractor  
  106  10:43  Evolution Chamber  
  106  10:44  Drone  
  106  10:45  Drone  
  105  10:51  Tunneling Claws  
  105  10:52  Burrow  
  105  11:05  Overlord  
  105  11:07  Overlord  
  105  11:08  Overlord x2  
  105  11:10  Zerg Ground Armor Level 1  
  105  11:15  Overlord  
  105  11:18  Overlord x2  
  105  11:19  Drone  
  106  11:26  Ravager  
  106  11:27  Ravager x2  
  106  11:31  Roach  
  111  11:35  Hatchery  
  110  11:43  Roach x6  
  122  11:49  Zerg Missile Weapons Level 2  
  122  11:53  Roach  
  122  11:54  Roach x2  
  128  12:04  Roach x20  
  123  12:09  Drone x2  
  123  12:10  Drone  
  123  12:15  Roach  
  128  12:16  Drone x4  
  108  12:31  Roach  
  108  12:34  Roach x9  
  100  12:40  Roach x9  
  100  12:43  Roach x3  
  104  12:54  Drone x6  
  104  12:58  Drone  
  105  13:08  Roach, Nydus Canal  
  105  13:09  Roach x2  
  113  13:13  Roach x2  
  113  13:16  Overlord  
  111  13:21  Drone  
  111  13:22  Drone x3  
  111  13:25  Drone  
  116  13:31  Zerg Ground Armor Level 2  
  116  13:37  Roach  
  118  13:46  Drone x4  
  118  13:48  Roach x2  
  126  13:57  Roach x3  
  126  13:58  Roach  
  132  14:08  Roach  
  132  14:09  Roach x4  
  136  14:14  Roach x3  
  136  14:15  Roach  
  136  14:31  Hydralisk Den  
  135  14:32  Infestation Pit, Drone x4  
  135  14:38  Roach x7  
  152  14:41  Extractor x2, Drone  
  152  14:42  Drone x2  
  152  14:44  Roach  
  155  14:46  Roach  
  157  14:55  Roach  
  157  14:56  Roach x4  
  167  15:04  Roach x6  
  167  15:05  Hydralisk  
  167  15:14  Overseer  
  167  15:15  Overlord x4  
  167  15:18  Roach x3  
  167  15:27  Overlord x2  
Tags
 
Add a new tag
Caveats
  • Supply blocks, unpowered buildings, or Contaminate may cause inaccurate times.
  • Supply counts are checked every 10 seconds.